Rangers vs BlackHawks

Created - September 30, 2016 at 18:26

Simulating a Pre-Season

Goals
1 2 3 T
Rangers 0 0 0 0
BlackHawks 0 1 2 3
Shots
1 2 3 T
Rangers 14 9 7 30
BlackHawks 5 11 5 21

1st period

No Goal

Penalties :
Willie Mitchell (CHI) for Roughing (Minor) at 2:43, Fredrik Claesson (NYR) for Roughing (Minor) at 6:40, Tom Wilson (CHI) for Holding Stick (Minor) at 10:54, Adam McQuaid (CHI) for Cross-checking (Minor) at 16:45

2nd period

1. BlackHawks , Sam Bennett 1 (John-Michael Liles, Zack Kassian) at 9:00

Penalties :
Michael McCarron (CHI) for Roughing (Minor) at 0:34, Alex Goligoski (NYR) for High sticking (Minor) at 13:14, Michael McCarron (CHI) for Hooking (Minor) at 18:41, Fredrik Claesson (NYR) for Hooking (Minor) at 18:41

3rd period

2. BlackHawks , Alex Galchenyuk 2 (Ryan OReilly) at 13:51
3. BlackHawks , Jason Chimera 1 (Willie Mitchell) at 19:26

Penalties :
Dion Phaneuf (CHI) for Hooking (Minor) at 11:19

Goalie Stats

Brian Elliott (NYR), 18 saves from 21 shots - (0.857), L, 1-1-0, 60:00 minutes
Craig Anderson (CHI), 30 saves from 30 shots - (1.000), W, 2-0-0, 60:00 minutes

Players Stats for Rangers

Player Name              G  A  P  +/- PIM S  H  SB GA TA FO     MP     PP MP  PK MP  
------------------------------------------------------------------------------------
Alex Goligoski           0  0  0   0  2   1  2  1  0  0  0/0    24:47   4:23   0:52 
Benoit Pouliot           0  0  0   0  0   5  0  0  0  0  1/1    17:01   4:59   0:20 
Brad Richards            0  0  0   0  0   0  0  0  0  0  6/9     7:37   0:00   0:08 
Cedric Paquette          0  0  0   0  0   1  3  0  0  0  3/6    11:43   0:00   2:30 
Chris Tanev              0  0  0   0  0   0  0  0  0  0  0/0    24:21   5:09   2:17 
Connor McDavid           0  0  0  -1  0   0  0  0  0  0  12/22  21:32   5:01   0:00 
David Jones              0  0  0   0  0   1  0  0  0  0  0/0     7:29   0:00   0:00 
Fredrik Claesson         0  0  0  -3  4   1  1  1  0  0  0/0    17:28   4:34   1:03 
Jaromir Jagr             0  0  0  -1  0   3  0  0  0  0  2/2    21:32   5:01   0:00 
Karl Alzner              0  0  0   0  0   1  1  1  0  0  0/0    19:00   0:00   1:41 
Kris Russell             0  0  0   0  0   1  0  1  0  0  0/0    19:53   5:32   0:22 
Mark Letestu             0  0  0   0  0   2  0  1  0  0  0/1    11:42   0:00   0:00 
Matt Calvert             0  0  0  -2  0   2  0  0  0  0  0/1    11:21   0:54   2:01 
Mikael Backlund          0  0  0  -2  0   5  2  0  0  0  6/9    14:45   4:54   1:10 
Nick Schultz             0  0  0  -3  0   1  0  2  0  0  0/0    14:28   0:12   1:41 
Sean Couturier           0  0  0   0  0   3  1  0  0  0  13/21  18:38   4:54   1:47 
Tomas Tatar              0  0  0  -1  0   1  3  0  0  0  0/1    20:33   4:02   0:00 
Tyler Ennis              0  0  0  -2  0   2  0  0  0  0  1/2    10:10   0:00   0:00 

Players Stats for BlackHawks

Player Name              G  A  P  +/- PIM S  H  SB GA TA FO     MP     PP MP  PK MP  
------------------------------------------------------------------------------------
Adam McQuaid             0  0  0   2  2   0  3  2  0  0  0/0    17:44   0:00   3:52 
Alex Galchenyuk          1  0  1   1  0   2  0  0  0  0  3/7    19:38   1:59   2:31 
Artemi Panarin           0  0  0   0  0   4  0  0  0  0  1/4    16:13   1:59   0:08 
Deryk Engelland          0  0  0   0  0   1  0  0  0  0  0/0     7:20   0:00   0:03 
Dion Phaneuf             0  0  0   0  2   1  1  0  0  0  0/0    22:44   2:44   4:45 
Jack Eichel              0  0  0   0  0   1  0  0  0  0  5/17   14:06   1:59   0:00 
Jake Virtanen            0  0  0   0  0   0  0  0  0  0  0/0     7:00   0:00   0:00 
Jason Chimera            1  0  1   2  0   1  0  0  0  0  0/0    13:51   1:59   0:00 
Jason Demers             0  0  0   1  0   2  2  1  0  0  0/0    21:13   1:14   4:46 
John Klingberg           0  0  0   0  0   0  0  0  0  0  0/0    21:20   2:44   1:52 
John-Michael Liles       0  1  1   2  0   0  0  2  0  0  0/0    15:34   1:14   0:24 
Michael McCarron         0  0  0   0  4   4  2  0  0  0  0/0    14:52   0:00   2:47 
Ryan OReilly             0  1  1   1  0   1  0  1  0  0  10/18  21:17   1:59   6:09 
Sam Bennett              1  0  1   2  0   3  0  0  0  0  5/12   13:51   1:59   0:00 
Tom Wilson               0  0  0   1  2   1  6  0  0  0  1/4    17:27   0:00   4:19 
Trevor Lewis             0  0  0   0  0   0  0  2  0  0  6/13   10:56   0:00   3:56 
Willie Mitchell          0  1  1   1  2   0  3  1  0  0  0/0    21:02   0:00   4:08 
Zack Kassian             0  1  1   2  0   0  3  1  0  0  0/0    11:52   0:00   0:00 

3 Stars

1 - Craig Anderson (CHI)
2 - Jason Chimera (CHI)
3 - Sam Bennett (CHI)

Power Play

Rangers - 0 on 5 Attempt(s) - 0.00%
BlackHawks - 0 on 2 Attempt(s) - 0.00%

Penalty Kill

Rangers - 2 on 2 Attempt(s) - 100.00% - Score 0 goal in Penalty Kill
BlackHawks - 5 on 5 Attempt(s) - 100.00% - Score 0 goal in Penalty Kill

Team Stat

Rangers - Hits : 13 - Faceoff Wins : 44 - Blocked Shots : 7 - Penalty Minutes : 6
BlackHawks - Hits : 20 - Faceoff Wins : 31 - Blocked Shots : 10 - Penalty Minutes : 12

Official

Referees : Marc Joannette and Tom Chmielewski
Linesman : Shandor Alphonso and Derek Nansen

Game Notes

No Game Note

% Time on Ice - Rangers

Lines # - Real PCT - Wanted PCT - Time Play
Normal Forward
1 - 37% - 40% - 16:31
2 - 27% - 30% - 11:42
3 - 19% - 20% - 8:26
4 - 17% - 10% - 7:29
Normal Defense
1 - 37% - 40% - 16:13
2 - 32% - 30% - 13:59
3 - 27% - 20% - 11:53
4 - 5% - 10% - 2:03
PP Forward
1 - 51% - 60% - 5:01
2 - 49% - 40% - 4:54
PP Defense
1 - 56% - 60% - 5:32
2 - 44% - 40% - 4:23
PK Forward
1 - 71% - 60% - 2:48
2 - 29% - 40% - 1:10
PK Defense
1 - 42% - 60% - 1:41
2 - 58% - 40% - 2:17
PK3 Forward
1 - 0% - 60%
2 - 0% - 40%
PK3 Defense
1 - 0% - 60%
2 - 0% - 40%
44 Forward
1 - 87% - 60% - 1:44
2 - 13% - 40% - 0:15
44 Defense
1 - 65% - 60% - 1:17
2 - 35% - 40% - 0:42
Last Minute Offensive  - 0:00
Last Minute Defensive  - 0:00
Total
Forward - 60:00
Defense - 60:00

% Time on Ice - BlackHawks

Lines # - Real PCT - Wanted PCT - Time Play
Normal Forward
1 - 30% - 30% - 13:09
2 - 27% - 30% - 12:07
3 - 27% - 25% - 11:52
4 - 16% - 15% - 7:00
Normal Defense
1 - 36% - 37% - 15:56
2 - 32% - 34% - 14:16
3 - 32% - 29% - 13:56
4 - 0% - 0% - 0:00
PP Forward
1 - 50% - 60% - 1:59
2 - 50% - 40% - 1:59
PP Defense
1 - 69% - 60% - 2:44
2 - 31% - 40% - 1:14
PK Forward
1 - 59% - 55% - 5:51
2 - 41% - 45% - 4:04
PK Defense
1 - 49% - 55% - 4:49
2 - 51% - 45% - 5:06
PK3 Forward
1 - 0% - 50%
2 - 0% - 50%
PK3 Defense
1 - 0% - 55%
2 - 0% - 45%
44 Forward
1 - 100% - 55% - 1:59
2 - 0% - 45% - 0:00
44 Defense
1 - 52% - 55% - 1:02
2 - 48% - 45% - 0:57
Last Minute Offensive  - 0:00
Last Minute Defensive  - 0:00
Total
Forward - 60:00
Defense - 60:00

Play by Play

1st period


0:01 of 1st period - Connor McDavid wins face-off versus Ryan OReilly in neutral zone.
0:37 of 1st period - Shot by Alex Galchenyuk.
0:37 of 1st period - Stopped by Brian Elliott with a rebound.
1:17 of 1st period - Shot by Artemi Panarin.
1:17 of 1st period - Shot Blocked by Alex Goligoski.
1:19 of 1st period - Shot by Jack Eichel.
1:19 of 1st period - Shot Misses the Net.
1:21 of 1st period - Shot by Willie Mitchell.
1:21 of 1st period - Shot Misses the Net.
1:24 of 1st period - Artemi Panarin is hit by Alex Goligoski and loses puck.
2:05 of 1st period - Shot by Benoit Pouliot.
2:05 of 1st period - Stopped by Craig Anderson with a rebound.
2:19 of 1st period - Shot by Benoit Pouliot.
2:19 of 1st period - Shot Misses the Net.
2:21 of 1st period - Shot by Sean Couturier.
2:21 of 1st period - Stopped by Craig Anderson without a rebound.
2:22 of 1st period - Mikael Backlund wins face-off versus Trevor Lewis in BlackHawks zone.
2:23 of 1st period - Shot by Matt Calvert.
2:23 of 1st period - Shot Misses the Net.
2:41 of 1st period - Shot by Mikael Backlund.
2:41 of 1st period - Stopped by Craig Anderson without a rebound.
2:42 of 1st period - Brad Richards wins face-off versus Ryan OReilly in BlackHawks zone.
2:42 of 1st period - Kris Russell is hit by Jason Demers and loses puck.
2:43 of 1st period - Minor Penalty to Willie Mitchell for Roughing.
2:44 of 1st period - Ryan OReilly wins face-off versus Sean Couturier in BlackHawks zone.
3:45 of 1st period - Shot by Jaromir Jagr.
3:45 of 1st period - Shot Misses the Net.
3:47 of 1st period - Shot by Alex Goligoski.
3:47 of 1st period - Shot Blocked by Trevor Lewis.
4:43 of 1st period - Shot by Tomas Tatar.
4:43 of 1st period - Shot Misses the Net.
4:45 of 1st period - Shot by Karl Alzner.
4:45 of 1st period - Stopped by Craig Anderson without a rebound.
4:46 of 1st period - Sam Bennett wins face-off versus Brad Richards in BlackHawks zone.
4:46 of 1st period - Sam Bennett is hit by Cedric Paquette.
4:55 of 1st period - Sam Bennett is hit by Cedric Paquette and loses puck.
5:12 of 1st period - Cedric Paquette is hit by Willie Mitchell and loses puck.
5:33 of 1st period - Shot by Benoit Pouliot.
5:33 of 1st period - Shot Misses the Net.
5:49 of 1st period - Shot by Benoit Pouliot.
5:49 of 1st period - Stopped by Craig Anderson with a rebound.
5:51 of 1st period - Shot by Nick Schultz.
5:51 of 1st period - Stopped by Craig Anderson without a rebound.
5:52 of 1st period - Mikael Backlund wins face-off versus Artemi Panarin in BlackHawks zone.
5:57 of 1st period - Shot by Mikael Backlund.
5:57 of 1st period - Stopped by Craig Anderson with a rebound.
6:03 of 1st period - Shot by Mikael Backlund.
6:03 of 1st period - Shot Misses the Net.
6:30 of 1st period - Shot by Michael McCarron.
6:30 of 1st period - Stopped by Brian Elliott without a rebound.
6:31 of 1st period - Ryan OReilly wins face-off versus Sean Couturier in Rangers zone.
6:39 of 1st period - Ryan OReilly is hit by Fredrik Claesson and loses puck.
6:40 of 1st period - Minor Penalty to Fredrik Claesson for Roughing.
6:41 of 1st period - Ryan OReilly wins face-off versus Cedric Paquette in Rangers zone.
7:09 of 1st period - Matt Calvert is hit by Dion Phaneuf and loses puck.
8:01 of 1st period - Shot by Jack Eichel.
8:01 of 1st period - Shot Misses the Net.
8:03 of 1st period - Shot by Jason Demers.
8:03 of 1st period - Shot Blocked by Karl Alzner.
8:05 of 1st period - Shot by Jason Demers.
8:05 of 1st period - Stopped by Brian Elliott without a rebound.
8:06 of 1st period - Mikael Backlund wins face-off versus Alex Galchenyuk in Rangers zone.
8:25 of 1st period - Shot by Dion Phaneuf.
8:25 of 1st period - Stopped by Brian Elliott with a rebound.
8:27 of 1st period - Shot by Alex Galchenyuk.
8:27 of 1st period - Shot Misses the Net.
8:35 of 1st period - Shot by John Klingberg.
8:35 of 1st period - Shot Misses the Net.
9:54 of 1st period - Icing by Willie Mitchell.
9:55 of 1st period - Brad Richards wins face-off versus Jack Eichel in BlackHawks zone.
10:24 of 1st period - Cedric Paquette is hit by Jason Demers and loses puck.
10:36 of 1st period - Brad Richards is hit by Willie Mitchell and loses puck.
10:54 of 1st period - Minor Penalty to Tom Wilson for Holding Stick.
10:55 of 1st period - Jaromir Jagr wins face-off versus Ryan OReilly in BlackHawks zone.
11:16 of 1st period - Shot by Jaromir Jagr.
11:16 of 1st period - Shot Hit the Post.
11:18 of 1st period - Shot by Benoit Pouliot.
11:18 of 1st period - Deflect By Connor McDavid.
11:18 of 1st period - Shot Misses the Net.
12:34 of 1st period - Shot by Trevor Lewis.
12:34 of 1st period - Deflect By Michael McCarron.
12:34 of 1st period - Stopped by Brian Elliott without a rebound.
12:35 of 1st period - Connor McDavid wins face-off versus Trevor Lewis in Rangers zone.
12:50 of 1st period - Shot by Benoit Pouliot.
12:50 of 1st period - Stopped by Craig Anderson without a rebound.
12:51 of 1st period - Sean Couturier wins face-off versus Trevor Lewis in BlackHawks zone.
12:56 of 1st period - Shot by Cedric Paquette.
12:56 of 1st period - Stopped by Craig Anderson without a rebound.
12:57 of 1st period - Brad Richards wins face-off versus Sam Bennett in BlackHawks zone.
13:45 of 1st period - Fredrik Claesson is hit by Willie Mitchell and loses puck.
13:56 of 1st period - Shot by Tomas Tatar.
13:56 of 1st period - Shot Misses the Net.
14:38 of 1st period - Icing by Chris Tanev.
14:39 of 1st period - Sean Couturier wins face-off versus Ryan OReilly in Rangers zone.
14:39 of 1st period - Sean Couturier is hit by Tom Wilson.
14:42 of 1st period - Icing by Benoit Pouliot.
14:43 of 1st period - Ryan OReilly wins face-off versus Sean Couturier in Rangers zone.
15:28 of 1st period - Chris Tanev is hit by Tom Wilson and loses puck.
15:50 of 1st period - Icing by Jaromir Jagr.
15:51 of 1st period - Trevor Lewis wins face-off versus Connor McDavid in Rangers zone.
16:03 of 1st period - Icing by Trevor Lewis.
16:04 of 1st period - Trevor Lewis wins face-off versus Mikael Backlund in BlackHawks zone.
16:14 of 1st period - Off-side.
16:15 of 1st period - Connor McDavid wins face-off versus Jack Eichel in neutral zone.
16:22 of 1st period - Shot by Tomas Tatar.
16:22 of 1st period - Shot Blocked by Adam McQuaid.
16:31 of 1st period - Connor McDavid is hit by Adam McQuaid and loses puck.
16:34 of 1st period - Shot by Connor McDavid.
16:34 of 1st period - Shot Misses the Net.
16:43 of 1st period - Tomas Tatar is hit by Adam McQuaid and loses puck.
16:45 of 1st period - Minor Penalty to Adam McQuaid for Cross-checking.
16:46 of 1st period - Sean Couturier wins face-off versus Ryan OReilly in BlackHawks zone.
16:47 of 1st period - Shot by Tomas Tatar.
16:47 of 1st period - Stopped by Craig Anderson without a rebound.
16:48 of 1st period - Connor McDavid wins face-off versus Ryan OReilly in BlackHawks zone.
16:49 of 1st period - Shot by Alex Goligoski.
16:49 of 1st period - Stopped by Craig Anderson with a rebound.
16:51 of 1st period - Shot by Jaromir Jagr.
16:51 of 1st period - Stopped by Craig Anderson with a rebound.
16:53 of 1st period - Shot by Fredrik Claesson.
16:53 of 1st period - Stopped by Craig Anderson without a rebound.
16:54 of 1st period - Sean Couturier wins face-off versus Tom Wilson in BlackHawks zone.
17:23 of 1st period - Dion Phaneuf is hit by Tomas Tatar and loses puck.
18:30 of 1st period - Shot by Ryan OReilly.
18:30 of 1st period - Shot Misses the Net.
18:55 of 1st period - Kris Russell is hit by Zack Kassian.
19:11 of 1st period - Brad Richards is hit by Zack Kassian and loses puck.
19:46 of 1st period - Shot by Tyler Ennis.
19:46 of 1st period - Shot Misses the Net.
19:48 of 1st period - Shot by Mikael Backlund.
19:48 of 1st period - Stopped by Craig Anderson without a rebound.
19:49 of 1st period - Sean Couturier wins face-off versus Jack Eichel in BlackHawks zone.
Goals for this period are 0 for Rangers vs 0 for BlackHawks.
Shots for this period are 14 for Rangers vs 5 for BlackHawks.

2nd period


0:01 of 2nd period - Connor McDavid wins face-off versus Alex Galchenyuk in neutral zone.
0:23 of 2nd period - Tom Wilson is hit by Alex Goligoski and loses puck.
0:33 of 2nd period - Off-side.
0:34 of 2nd period - Sean Couturier wins face-off versus Jack Eichel in neutral zone.
0:34 of 2nd period - Minor Penalty to Michael McCarron for Roughing.
0:35 of 2nd period - Sean Couturier wins face-off versus Trevor Lewis in BlackHawks zone.
1:04 of 2nd period - Shot by Chris Tanev.
1:04 of 2nd period - Shot Misses the Net.
2:28 of 2nd period - Shot by Kris Russell.
2:28 of 2nd period - Stopped by Craig Anderson without a rebound.
2:29 of 2nd period - Sean Couturier wins face-off versus Trevor Lewis in BlackHawks zone.
3:26 of 2nd period - Shot by Sam Bennett.
3:26 of 2nd period - Shot Blocked by Kris Russell.
3:44 of 2nd period - Shot by Sam Bennett.
3:44 of 2nd period - Shot Misses the Net.
3:54 of 2nd period - Shot by Mikael Backlund.
3:54 of 2nd period - Stopped by Craig Anderson with a rebound.
3:58 of 2nd period - Shot by Mikael Backlund.
3:58 of 2nd period - Shot Misses the Net.
4:02 of 2nd period - Shot by Tyler Ennis.
4:02 of 2nd period - Deflect By Mikael Backlund.
4:02 of 2nd period - Shot Misses the Net.
4:06 of 2nd period - Shot by Tyler Ennis.
4:06 of 2nd period - Stopped by Craig Anderson without a rebound.
4:07 of 2nd period - Connor McDavid wins face-off versus Ryan OReilly in BlackHawks zone.
4:22 of 2nd period - Shot by Jaromir Jagr.
4:22 of 2nd period - Shot Misses the Net.
4:36 of 2nd period - Shot by Ryan OReilly.
4:36 of 2nd period - Stopped by Brian Elliott with a rebound.
4:43 of 2nd period - Off-side.
4:44 of 2nd period - Jack Eichel wins face-off versus Mark Letestu in neutral zone.
4:55 of 2nd period - Shot by Jack Eichel.
4:55 of 2nd period - Stopped by Brian Elliott without a rebound.
4:56 of 2nd period - Trevor Lewis wins face-off versus Tyler Ennis in Rangers zone.
5:03 of 2nd period - Shot by Deryk Engelland.
5:03 of 2nd period - Stopped by Brian Elliott with a rebound.
5:16 of 2nd period - Icing by Karl Alzner.
5:17 of 2nd period - Tom Wilson wins face-off versus Matt Calvert in Rangers zone.
5:17 of 2nd period - Tom Wilson is hit by Karl Alzner.
6:13 of 2nd period - Shot by Connor McDavid.
6:13 of 2nd period - Shot Misses the Net.
6:25 of 2nd period - Shot by Artemi Panarin.
6:25 of 2nd period - Shot Misses the Net.
6:27 of 2nd period - Shot by Michael McCarron.
6:27 of 2nd period - Shot Blocked by Nick Schultz.
6:29 of 2nd period - Shot by Artemi Panarin.
6:29 of 2nd period - Stopped by Brian Elliott without a rebound.
6:30 of 2nd period - Sean Couturier wins face-off versus Trevor Lewis in Rangers zone.
6:45 of 2nd period - Shot by Mark Letestu.
6:45 of 2nd period - Shot Blocked by John-Michael Liles.
6:53 of 2nd period - Shot by Benoit Pouliot.
6:53 of 2nd period - Shot Misses the Net.
7:01 of 2nd period - Shot by Sean Couturier.
7:01 of 2nd period - Shot Misses the Net.
7:39 of 2nd period - Shot by Artemi Panarin.
7:39 of 2nd period - Deflect By Jack Eichel.
7:39 of 2nd period - Shot Blocked by Mark Letestu.
7:41 of 2nd period - Shot by Michael McCarron.
7:41 of 2nd period - Stopped by Brian Elliott without a rebound.
7:42 of 2nd period - Ryan OReilly wins face-off versus Connor McDavid in Rangers zone.
8:13 of 2nd period - Karl Alzner is hit by Tom Wilson and loses puck.
8:18 of 2nd period - Shot by Tom Wilson.
8:18 of 2nd period - Shot Misses the Net.
8:46 of 2nd period - Shot by Artemi Panarin.
8:46 of 2nd period - Stopped by Brian Elliott without a rebound.
8:47 of 2nd period - Sam Bennett wins face-off versus Mikael Backlund in Rangers zone.
9:00 of 2nd period - Shot by Sam Bennett.
9:00 of 2nd period - Goal by Sam Bennett - Rangers : 0 - BlackHawks : 1.
9:01 of 2nd period - Brad Richards wins face-off versus Jack Eichel in neutral zone.
9:15 of 2nd period - Jack Eichel is hit by Cedric Paquette and loses puck.
9:35 of 2nd period - Icing by John Klingberg.
9:36 of 2nd period - Sean Couturier wins face-off versus Artemi Panarin in BlackHawks zone.
9:47 of 2nd period - Sean Couturier is hit by Michael McCarron and loses puck.
10:07 of 2nd period - Icing by John Klingberg.
10:08 of 2nd period - Jack Eichel wins face-off versus Connor McDavid in BlackHawks zone.
10:47 of 2nd period - Shot by Tomas Tatar.
10:47 of 2nd period - Shot Misses the Net.
11:26 of 2nd period - Shot by Benoit Pouliot.
11:26 of 2nd period - Stopped by Craig Anderson without a rebound.
11:27 of 2nd period - Tyler Ennis wins face-off versus Sam Bennett in BlackHawks zone.
11:37 of 2nd period - Off-side.
11:38 of 2nd period - Trevor Lewis wins face-off versus Brad Richards in neutral zone.
11:55 of 2nd period - Off-side.
11:56 of 2nd period - Jaromir Jagr wins face-off versus Jack Eichel in neutral zone.
12:15 of 2nd period - Shot by Jaromir Jagr.
12:15 of 2nd period - Stopped by Craig Anderson without a rebound.
12:16 of 2nd period - Sam Bennett wins face-off versus Sean Couturier in BlackHawks zone.
12:25 of 2nd period - Shot by Sam Bennett.
12:25 of 2nd period - Stopped by Brian Elliott with a rebound.
12:45 of 2nd period - Shot by Benoit Pouliot.
12:45 of 2nd period - Stopped by Craig Anderson without a rebound.
12:46 of 2nd period - Connor McDavid wins face-off versus Ryan OReilly in BlackHawks zone.
13:14 of 2nd period - Minor Penalty to Alex Goligoski for High sticking.
13:15 of 2nd period - Cedric Paquette wins face-off versus Jack Eichel in Rangers zone.
14:37 of 2nd period - Shot by Alex Galchenyuk.
14:37 of 2nd period - Shot Misses the Net.
14:39 of 2nd period - Shot by Alex Galchenyuk.
14:39 of 2nd period - Deflect By Sam Bennett.
14:39 of 2nd period - Stopped by Brian Elliott with a rebound.
14:41 of 2nd period - Shot by Jason Demers.
14:41 of 2nd period - Stopped by Brian Elliott without a rebound.
14:42 of 2nd period - Sean Couturier wins face-off versus Jack Eichel in Rangers zone.
14:59 of 2nd period - Shot by Dion Phaneuf.
14:59 of 2nd period - Shot Misses the Net.
15:01 of 2nd period - Shot by John Klingberg.
15:01 of 2nd period - Shot Misses the Net.
15:03 of 2nd period - Shot by Artemi Panarin.
15:03 of 2nd period - Shot Misses the Net.
15:47 of 2nd period - Shot by Connor McDavid.
15:47 of 2nd period - Shot Blocked by Jason Demers.
15:56 of 2nd period - Off-side.
15:57 of 2nd period - Ryan OReilly wins face-off versus Sean Couturier in neutral zone.
16:06 of 2nd period - Shot by Tom Wilson.
16:06 of 2nd period - Shot Blocked by Nick Schultz.
16:41 of 2nd period - Shot by Tom Wilson.
16:41 of 2nd period - Stopped by Brian Elliott without a rebound.
16:42 of 2nd period - Mikael Backlund wins face-off versus Jack Eichel in Rangers zone.
17:06 of 2nd period - Shot by Matt Calvert.
17:06 of 2nd period - Stopped by Craig Anderson with a rebound.
17:08 of 2nd period - Shot by Matt Calvert.
17:08 of 2nd period - Stopped by Craig Anderson without a rebound.
17:09 of 2nd period - Sam Bennett wins face-off versus Connor McDavid in BlackHawks zone.
17:37 of 2nd period - Shot by Jaromir Jagr.
17:37 of 2nd period - Shot Misses the Net.
17:39 of 2nd period - Shot by Jaromir Jagr.
17:39 of 2nd period - Shot Misses the Net.
17:41 of 2nd period - Shot by Karl Alzner.
17:41 of 2nd period - Shot Blocked by Zack Kassian.
18:31 of 2nd period - Shot by Mark Letestu.
18:31 of 2nd period - Shot Misses the Net.
18:33 of 2nd period - Shot by Sean Couturier.
18:33 of 2nd period - Shot Blocked by Ryan OReilly.
18:35 of 2nd period - Shot by Mark Letestu.
18:35 of 2nd period - Stopped by Craig Anderson without a rebound.
18:36 of 2nd period - Jack Eichel wins face-off versus Mikael Backlund in BlackHawks zone.
18:36 of 2nd period - Jack Eichel is hit by Mikael Backlund.
18:41 of 2nd period - Minor Penalty to Michael McCarron for Hooking.
18:41 of 2nd period - Minor Penalty to Fredrik Claesson for Hooking.
18:42 of 2nd period - Alex Galchenyuk wins face-off versus Cedric Paquette in Rangers zone.
19:02 of 2nd period - Off-side.
19:03 of 2nd period - Cedric Paquette wins face-off versus Alex Galchenyuk in neutral zone.
19:40 of 2nd period - Shot by Tyler Ennis.
19:40 of 2nd period - Shot Misses the Net.
Goals for this period are 0 for Rangers vs 1 for BlackHawks.
Shots for this period are 9 for Rangers vs 11 for BlackHawks.

3rd period


0:01 of 3rd period - Cedric Paquette wins face-off versus Alex Galchenyuk in neutral zone.
0:08 of 3rd period - Shot by Tyler Ennis.
0:08 of 3rd period - Stopped by Craig Anderson without a rebound.
0:09 of 3rd period - Alex Galchenyuk wins face-off versus Cedric Paquette in BlackHawks zone.
0:32 of 3rd period - Shot by Tyler Ennis.
0:32 of 3rd period - Shot Misses the Net.
2:43 of 3rd period - Icing by Jake Virtanen.
2:44 of 3rd period - Trevor Lewis wins face-off versus Brad Richards in BlackHawks zone.
3:32 of 3rd period - Off-side.
3:33 of 3rd period - Ryan OReilly wins face-off versus Connor McDavid in neutral zone.
3:38 of 3rd period - Tomas Tatar is hit by Tom Wilson and loses puck.
3:45 of 3rd period - Shot by Jaromir Jagr.
3:45 of 3rd period - Shot Misses the Net.
3:47 of 3rd period - Shot by Tomas Tatar.
3:47 of 3rd period - Shot Misses the Net.
4:11 of 3rd period - Icing by Alex Goligoski.
4:12 of 3rd period - Jack Eichel wins face-off versus Connor McDavid in Rangers zone.
4:39 of 3rd period - Shot by Jack Eichel.
4:39 of 3rd period - Shot Misses the Net.
4:41 of 3rd period - Shot by Artemi Panarin.
4:41 of 3rd period - Stopped by Brian Elliott without a rebound.
4:42 of 3rd period - Sean Couturier wins face-off versus Sam Bennett in Rangers zone.
4:42 of 3rd period - Sean Couturier is hit by Zack Kassian.
5:00 of 3rd period - Shot by Sean Couturier.
5:00 of 3rd period - Shot Misses the Net.
5:06 of 3rd period - Shot by Sean Couturier.
5:06 of 3rd period - Shot Misses the Net.
5:28 of 3rd period - Dion Phaneuf is hit by Sean Couturier.
5:56 of 3rd period - Willie Mitchell is hit by Mikael Backlund and loses puck.
6:03 of 3rd period - Shot by Mikael Backlund.
6:03 of 3rd period - Shot Misses the Net.
6:07 of 3rd period - Shot by Tyler Ennis.
6:07 of 3rd period - Shot Blocked by Willie Mitchell.
6:25 of 3rd period - Shot by Mikael Backlund.
6:25 of 3rd period - Stopped by Craig Anderson without a rebound.
6:26 of 3rd period - Connor McDavid wins face-off versus Jack Eichel in BlackHawks zone.
6:31 of 3rd period - Shot by Jaromir Jagr.
6:31 of 3rd period - Stopped by Craig Anderson without a rebound.
6:32 of 3rd period - Connor McDavid wins face-off versus Jack Eichel in BlackHawks zone.
6:46 of 3rd period - Off-side.
6:47 of 3rd period - Brad Richards wins face-off versus Sam Bennett in neutral zone.
7:01 of 3rd period - Off-side.
7:02 of 3rd period - Artemi Panarin wins face-off versus Tomas Tatar in neutral zone.
7:13 of 3rd period - Jason Demers is hit by Tomas Tatar and loses puck.
7:25 of 3rd period - Icing by Chris Tanev.
7:26 of 3rd period - Alex Galchenyuk wins face-off versus Connor McDavid in Rangers zone.
7:53 of 3rd period - Jaromir Jagr is hit by Tom Wilson and loses puck.
8:17 of 3rd period - Icing by Alex Goligoski.
8:18 of 3rd period - Connor McDavid wins face-off versus Artemi Panarin in Rangers zone.
8:18 of 3rd period - Connor McDavid is hit by Michael McCarron.
8:36 of 3rd period - Shot by Artemi Panarin.
8:36 of 3rd period - Shot Misses the Net.
8:59 of 3rd period - Shot by Jack Eichel.
8:59 of 3rd period - Deflect By Artemi Panarin.
8:59 of 3rd period - Stopped by Brian Elliott without a rebound.
9:00 of 3rd period - Sam Bennett wins face-off versus Sean Couturier in Rangers zone.
9:21 of 3rd period - Shot by Sean Couturier.
9:21 of 3rd period - Shot Misses the Net.
10:08 of 3rd period - Matt Calvert is hit by Adam McQuaid and loses puck.
11:19 of 3rd period - Minor Penalty to Dion Phaneuf for Hooking.
11:20 of 3rd period - Ryan OReilly wins face-off versus Connor McDavid in BlackHawks zone.
11:31 of 3rd period - Shot by Benoit Pouliot.
11:31 of 3rd period - Shot Misses the Net.
11:33 of 3rd period - Shot by Kris Russell.
11:33 of 3rd period - Shot Misses the Net.
11:35 of 3rd period - Shot by Benoit Pouliot.
11:35 of 3rd period - Shot Misses the Net.
11:37 of 3rd period - Shot by Chris Tanev.
11:37 of 3rd period - Shot Misses the Net.
12:17 of 3rd period - Shot by Mikael Backlund.
12:17 of 3rd period - Deflect By Sean Couturier.
12:17 of 3rd period - Stopped by Craig Anderson without a rebound.
12:18 of 3rd period - Sean Couturier wins face-off versus Trevor Lewis in BlackHawks zone.
13:08 of 3rd period - Icing by Benoit Pouliot.
13:09 of 3rd period - Benoit Pouliot wins face-off versus Tom Wilson in Rangers zone.
13:09 of 3rd period - Benoit Pouliot is hit by Tom Wilson.
13:12 of 3rd period - Icing by Jaromir Jagr.
13:13 of 3rd period - Trevor Lewis wins face-off versus Connor McDavid in Rangers zone.
13:18 of 3rd period - Shot by Michael McCarron.
13:18 of 3rd period - Stopped by Brian Elliott without a rebound.
13:19 of 3rd period - Brad Richards wins face-off versus Sam Bennett in Rangers zone.
13:44 of 3rd period - Shot by Brad Richards.
13:44 of 3rd period - Deflect By David Jones.
13:44 of 3rd period - Stopped by Craig Anderson without a rebound.
13:45 of 3rd period - Ryan OReilly wins face-off versus Connor McDavid in BlackHawks zone.
13:45 of 3rd period - Ryan OReilly is hit by Tomas Tatar.
13:51 of 3rd period - Shot by Alex Galchenyuk.
13:51 of 3rd period - Goal by Alex Galchenyuk - Rangers : 0 - BlackHawks : 2.
13:52 of 3rd period - Connor McDavid wins face-off versus Tom Wilson in neutral zone.
14:59 of 3rd period - Shot by Mark Letestu.
14:59 of 3rd period - Stopped by Craig Anderson without a rebound.
15:00 of 3rd period - Mikael Backlund wins face-off versus Jack Eichel in BlackHawks zone.
15:09 of 3rd period - Shot by Artemi Panarin.
15:09 of 3rd period - Shot Misses the Net.
15:25 of 3rd period - Shot by Artemi Panarin.
15:25 of 3rd period - Shot Blocked by Fredrik Claesson.
16:41 of 3rd period - Shot by Sean Couturier.
16:41 of 3rd period - Shot Misses the Net.
16:51 of 3rd period - Shot by Sean Couturier.
16:51 of 3rd period - Shot Blocked by Trevor Lewis.
17:04 of 3rd period - Shot by Sean Couturier.
17:04 of 3rd period - Shot Misses the Net.
17:06 of 3rd period - Shot by Sean Couturier.
17:06 of 3rd period - Shot Blocked by Adam McQuaid.
17:15 of 3rd period - Icing by Chris Tanev.
17:16 of 3rd period - Ryan OReilly wins face-off versus Sean Couturier in Rangers zone.
17:21 of 3rd period - Shot by Alex Galchenyuk.
17:21 of 3rd period - Shot Misses the Net.
18:05 of 3rd period - Shot by Connor McDavid.
18:05 of 3rd period - Shot Misses the Net.
19:13 of 3rd period - Shot by Artemi Panarin.
19:13 of 3rd period - Shot Misses the Net.
19:18 of 3rd period - Icing by Matt Calvert.
19:19 of 3rd period - Mikael Backlund wins face-off versus Sam Bennett in Rangers zone.
19:26 of 3rd period - Shot by Jason Chimera.
19:26 of 3rd period - Goal by Jason Chimera - Rangers : 0 - BlackHawks : 3.
19:27 of 3rd period - Jack Eichel wins face-off versus Sean Couturier in neutral zone.
19:48 of 3rd period - Shot by Benoit Pouliot.
19:48 of 3rd period - Deflect By Sean Couturier.
19:48 of 3rd period - Shot Blocked by John-Michael Liles.
19:50 of 3rd period - Shot by Sean Couturier.
19:50 of 3rd period - Shot Misses the Net.
19:52 of 3rd period - Shot by Kris Russell.
19:52 of 3rd period - Shot Misses the Net.
19:54 of 3rd period - Shot by Sean Couturier.
19:54 of 3rd period - Stopped by Craig Anderson without a rebound.
19:55 of 3rd period - Connor McDavid wins face-off versus Sam Bennett in BlackHawks zone.
Goals for this period are 0 for Rangers vs 2 for BlackHawks.
Shots for this period are 7 for Rangers vs 5 for BlackHawks.